 Dungeon Crawl Stone Soup version 0.25-a0-842-g81a31cfd23 (webtiles) character file.

Game seed: 2139930516412096177, levelgen mode: deterministic

1068 KiliKikkendorf the Carver (level 8, -8/67 HPs)
             Began as a Minotaur Gladiator on Apr 24, 2020.
             Was a Follower of the Shining One.
             Mangled by a hornet (11 damage)
             ... while paralysed by a hornet
             ... on level 6 of the Dungeon.
             The game lasted 00:19:37 (4305 turns).

KiliKikkendorf the Carver (Minotaur Gladiator)      Turns: 4305, Time: 00:19:37

Health: -8/67      AC: 11    Str: 21    XL:     8   Next: 7%
Magic:  7/7        EV:  2    Int:  5    God:    the Shining One [*.....]
Gold:   804        SH:  0    Dex: 16    Spells: 7/7 levels left

rFire    + . .     SeeInvis .   w - +2 falchion (elec)
rCold    + . .     Gourm    .   (no shield)
rNeg     . . .     Faith    .   p - +1 chain mail {rPois}
rPois    +         Spirit   .   c - +1 hat
rElec    +         Reflect  +   i - scarf {cloud immunity}
rCorr    +         Harm     .   (no gloves)
MR       .....                  (no boots)
Stlth    ..........             h - +2 amulet of reflection
HPRegen  0.21/turn              k - +4 ring of dexterity
MPRegen  0.10/turn              l - ring of wizardry

@: paralysed, lethally poisoned (-8 -> -12), resistant, slowed, glowing
A: retaliatory headbutt, horns 2
a: Renounce Religion


You were on level 6 of the Dungeon.
You worshipped the Shining One.
The Shining One was aware of your devotion.
You were hungry.

You visited 2 branches of the dungeon, and saw 8 of its levels.

You collected 804 gold pieces.

Inventory:

Hand Weapons
 a - a +3 long sword
 w - a +2 falchion of electrocution (weapon)
 x - the +3 war axe of Iconoclasm {vorpal, rF+ Str+3 Dex+3}
   (You found it on level 4 of the Dungeon)

   It inflicts extra damage upon your enemies.
   It affects your strength (+3).
   It affects your dexterity (+3).
   It protects you from fire.
Missiles
 d - 2 throwing nets (quivered)
Armour
 c - a +1 hat (worn)
 i - a scarf of cloud immunity (worn)
 p - a +1 chain mail of poison resistance (worn)
Jewellery
 g - an uncursed amulet of regeneration
 h - a +2 amulet of reflection (around neck)
 k - a +4 ring of dexterity (left hand)
 l - a ring of wizardry (right hand)
Wands
 j - a wand of enslavement (11)
Scrolls
 e - 2 scrolls of teleportation
 n - 3 scrolls of identify
 u - a scroll of remove curse
Potions
 b - 2 potions of curing
 r - a potion of invisibility
Comestibles
 f - 7 rations


   Skills:
 + Level 4.5 Fighting
 + Level 8.3 Long Blades
 + Level 0.2 Axes
 - Level 2.0 Throwing
 + Level 4.7 Armour
 - Level 3.7 Dodging
 * Level 4.5 Unarmed Combat


You had 7 spell levels left.
You didn't know any spells.
Your spell library contained the following spells:

 Spells                   Type           Power        Failure   Level  Hunger
 Animate Skeleton         Necr           N/A          86%         1    ##.....


Dungeon Overview and Level Annotations

Branches:
Dungeon (7/15)             Temple (1/1) D:5

Altars:
Ashenzari
Cheibriados
Dithmenos
Elyvilon
Fedhas
Gozag
Hepliaklqana
Kikubaaqudgha
Qazlal
Ru
Sif Muna
Trog
Uskayaw
Vehumet
Wu Jian
Xom
Yredelemnul
Zin
The Shining One

Annotations:
D:3 exclusion: oklob plant


Innate Abilities, Weirdness & Mutations

You reflexively headbutt those who attack you in melee.
You have a pair of horns on your head.


Message History

You headbutt the adder!
You kill the adder!
The ice beast hits you but does no damage.
You feel protected.
The hornet stings you but does no damage.
The hornet stings you!
* * * LOW HITPOINT WARNING * * *
You suddenly lose the ability to move!
The ice beast hits you but does no damage.
You feel yourself speed up. The hornet stings you!
* * * LOW HITPOINT WARNING * * *
You are poisoned.
The ice beast hits you but does no damage.
The hornet stings you.
* * * LOW HITPOINT WARNING * * *
You feel yourself slow down.
* * * LOW HITPOINT WARNING * * *
You feel sick. The hornet stings you!
You die...

..## ?..#
... ..# ..#
..####.
##.......
#@y.#
#Y....#
#.......#
#.........#
+.........+
#.........#
##.......##
##.....##


You could see a hornet and an ice beast.

Vanquished Creatures
  A troll (D:4)
  Edmund (D:4)
  2 ogres
  A wolf (D:6)
  A jelly (D:5)
  A crimson imp (D:5)
  2 hounds
  An orc wizard (D:3)
  Natasha (twice) (D:2)
  Terence (D:2)
  3 worker ants
  A worker ant zombie (D:6)
  4 gnolls (D:4)
  5 adders
  A worm (D:2)
  3 dart slugs
  4 leopard geckos
  7 orcs
  4 giant cockroaches
  5 hobgoblins
  5 jackals
  6 kobolds
  3 quokkas
  A ball python (D:4)
  A bat (D:2)
  6 frilled lizards
  9 goblins
  3 jackal skeletons (D:4)
  A leopard gecko zombie (D:5)
  3 rats
  3 fungi (D:3)
  5 plants (D:3)
96 creatures vanquished.

Vanquished Creatures (others)
  14 toadstools (D:3)
14 creatures vanquished.

Grand Total: 110 creatures vanquished

Notes
Turn   | Place    | Note
-------+----------+-------------------------------------------
     0 | D:1      | KiliKikkendorf the Minotaur Gladiator began the quest for
                  | the Orb.
     0 | D:1      | Reached XP level 1. HP: 18/18 MP: 0/0
   208 | D:1      | Reached XP level 2. HP: 25/25 MP: 1/1
   262 | D:1      | Reached skill level 4 in Long Blades
   733 | D:2      | Noticed Terence
   743 | D:2      | Killed Terence
   743 | D:2      | Reached skill level 1 in Unarmed Combat
   743 | D:2      | Reached XP level 3. HP: 25/30 MP: 2/2
   806 | D:2      | Found a faded altar of an unknown god.
  1419 | D:2      | Noticed Natasha
  1421 | D:2      | Killed Natasha
  1421 | D:2      | Reached skill level 5 in Long Blades
  1421 | D:2      | Reached XP level 4. HP: 37/37 MP: 3/3
  1554 | D:2      | Noticed Natasha
  1558 | D:2      | Killed Natasha
  1558 | D:2      | Reached skill level 1 in Armour
  1576 | D:3      | Noticed an ogre
  1588 | D:3      | Killed an ogre
  1588 | D:3      | Reached XP level 5. HP: 9/45 MP: 4/4
  1913 | D:3      | You fall into a shaft and drop 3 floors!
  1977 | D:6      | Found an ornate altar of the Wu Jian Council.
  1999 | D:6      | Found a snail-covered altar of Cheibriados.
  2002 | D:6      | Reached skill level 6 in Long Blades
  2013 | D:6      | Found a glowing silver altar of Zin.
  2027 | D:6      | Found a shadowy altar of Dithmenos.
  2049 | D:5      | Entered Level 5 of the Dungeon
  2088 | D:5      | Found a staircase to the Ecumenical Temple.
  2101 | Temple   | Entered the Ecumenical Temple
  2211 | Temple   | Became a worshipper of the Shining One
  2256 | D:5      | Found a radiant altar of Vehumet.
  2260 | D:5      | Found an ancient bone altar of Kikubaaqudgha.
  2261 | D:5      | Found a shimmering blue altar of Sif Muna.
  2266 | D:5      | Identified Kikubaaqudgha's Grimoire of Sinister Rituals
  2340 | D:5      | Reached XP level 6. HP: 51/51 MP: 5/5
  2494 | D:5      | Found a hide-covered altar of Uskayaw.
  2503 | D:5      | Found a stormy altar of Qazlal.
  2871 | D:4      | Noticed a troll
  3090 | D:3      | Found a blossoming altar of Fedhas.
  3103 | D:3      | Noticed an oklob plant
  3491 | D:4      | Noticed Edmund
  3506 | D:4      | Killed a troll
  3506 | D:4      | Reached skill level 7 in Long Blades
  3506 | D:4      | Reached XP level 7. HP: 15/59 MP: 6/6
  3755 | D:4      | Killed Edmund
  3802 | D:4      | Reached skill level 8 in Long Blades
  4041 | D:4      | Got a scorched war axe
  4042 | D:4      | Identified the +3 war axe of Iconoclasm {vorpal, rF+ Str+3
                  | Dex+3} (You found it on level 4 of the Dungeon)
  4043 | D:4      | Identified a scroll of acquirement
  4043 | D:4      | Identified the amulet "Ymukk" {RegenMP rPois Str+5} (You
                  | acquired it on level 4 of the Dungeon)
  4043 | D:4      | Identified the -3 pair of boots "Ynenoyloxu" {rC+} (You
                  | acquired it on level 4 of the Dungeon)
  4063 | D:4      | Reached * piety under the Shining One
  4287 | D:4      | You fall into a shaft and drop 3 floors!
  4296 | D:6      | Noticed a hornet
  4300 | D:6      | Reached XP level 8. HP: 46/67 MP: 7/7
  4303 | D:6      | Paralysed by a hornet for 3 turns
  4305 | D:6      | HP: 3/67 [poisoned by a hornet]
  4305 | D:6      | Mangled by a hornet

Levels and vault maps discovered:
D:1:      lightli_molten_gateway, layout_loops_ring
D:2:      layout_loops_corners, chequers_ecumenical_altar_simple_redux,
          uniq_terence, uniq_natasha
D:3:      layout_basic, minmay_misc_feat_room, chequers_serial_rivers_room_b,
          tgw_fedhas
D:4:      layout_cave_pools, first_ration, uniq_edmund
D:5:      layout_gridville, grunt_temple_overflow_magic_moments, minitemple,
          minmay_temple_entry_tees
D:6:      layout_loops_corners, nicolae_overflow_quartered_altars,
          nicolae_ossuary_entry_plus, nicolae_wand_duel,
          kennysheep_generic_room_2
D:7:      layout_cave_pools, serial_gnoll_camp, gnoll_camp_huts_basic,
          gnoll_camp_mini_basic, gnoll_camp_mini_hut, gnoll_camp_mini_sergeant,
          serial_shops, nicolae_shop_trees
Temple:   zaba_magenta_temple

Skill      XL: |  1  2  3  4  5  6  7 |
---------------+----------------------+-----
Long Blades    | 4 5 6 7 8 |  8.3
Unarmed Combat | 1 2 3 4 |  4.5
Fighting       | 3 4 |  4.5
Armour         | 1 2 3 4 |  4.7
Axes           | |  0.2
Throwing       | |  2.0
Dodging        | |  3.7

Action                   |  1- 3 |  4- 6 |  7- 9 || total
-------------------------+-------+-------+-------++-------
Melee: Long sword        |    45 |   163 |    28 ||   236
       Headbutt          |    10 |    54 |     6 ||    70
       Punch             |       |     2 |       ||     2
       Falchion          |       |       |    17 ||    17
       War axe           |       |       |     3 ||     3
Throw: Throwing net      |     1 |       |       ||     1
  Use: Scroll            |     5 |     4 |     3 ||    12
       Potion            |     2 |     4 |     7 ||    13
 Stab: Sleeping          |     1 |       |       ||     1
  Eat: Chunk             |     2 |     3 |     2 ||     7
       Ration            |       |     1 |       ||     1
Armor: Leather armour    |     3 |       |       ||     3
       Scale mail        |     9 |     1 |       ||    10
       Chain mail        |       |    62 |    45 ||   107
Dodge: Dodged            |    23 |    51 |    36 ||   110
Block: Other             |       |     2 |     5 ||     7
       Rpst.: Long sword |     5 |    14 |     2 ||    21
       Falchion          |       |       |     5 ||     5

Table legend:
 A = Non-vault XP
 B = Vault XP
 C = Vault XP percentage of total XP
 D = Non-vault monster count
 E = Vault monster count
 F = Vault count percentage of total count
                 A         B        C        D         E       F
            +---------+---------+-------+---------+---------+-------
      Total |    1170 |     357 |  23.4 |      84 |       4 |   4.5
            +---------+---------+-------+---------+---------+-------
        D:1 |      26 |       0 |   0.0 |      11 |       0 |   0.0
        D:2 |      62 |      72 |  53.7 |      15 |       2 |  11.8
        D:3 |     215 |       0 |   0.0 |      21 |       0 |   0.0
        D:4 |     589 |     169 |  22.3 |      22 |       1 |   4.3
        D:5 |     244 |       0 |   0.0 |      11 |       0 |   0.0
        D:6 |      34 |     116 |  77.3 |       4 |       1 |  20.0
            +---------+---------+-------+---------+---------+-------
